 Dungeon Crawl Stone Soup version 0.22-a0-480-g991dd4b (webtiles) character file.

555 KillYourself the Slasher (level 7, -1/61 HPs)
             Began as a White Draconian Berserker on June 16, 2018.
             Was a Believer of Trog.
             Slain by an ogre
             ... wielding a +0 giant spiked club
              (19 damage)
             ... on level 5 of the Dungeon.
             The game lasted 00:18:20 (3983 turns).

KillYourself the Slasher (DrBe)                     Turns: 3983, Time: 00:18:20

Health: -1/61      AC:  7    Str: 21    XL:     7   Next: 8%
Magic:  7/7        EV: 13    Int:  8    God:    Trog [**....]
Gold:   152        SH:  0    Dex:  7    Spells: 6/6 levels left

rFire    . . .     SeeInvis .   q - +0 great sword (holy)
rCold    + . .     Gourm    .   (shield currently unavailable)
rNeg     . . .     Faith    .   (armour unavailable)
rPois    .         Spirit   .   (helmet restricted)
rElec    .         Reflect  .   (no cloak)
rCorr    .         Harm     .   (no gloves)
MR       ++...                  r - +0 pair of boots
Stlth    +.........             (no amulet)
HPRegen  1.20/turn              i - ring of wizardry
MPRegen  0.10/turn              m - -3 ring of dexterity (curse)

@: short of breath, regenerating
A: breathe frost, unfitting armour, cold resistance 1, cold-blooded, AC +6
a: Breathe Frost, Berserk, Trog's Hand, Renounce Religion


You were on level 5 of the Dungeon.
You worshipped Trog.
Trog was pleased with you.
You were hungry.

You visited 1 branch of the dungeon, and saw 5 of its levels.

You collected 152 gold pieces.

Inventory:

Hand Weapons
 a - a +0 falchion
 o - a +0 long sword
 q - a +0 great sword of holy wrath (weapon)
Missiles
 t - a throwing net (quivered)
Armour
 n - a +0 shield
 p - a +0 shield
 r - a +0 pair of boots (worn)
Jewellery
 i - a ring of wizardry (left hand)
 m - a cursed -3 ring of dexterity (right hand)
Scrolls
 c - 3 scrolls of teleportation {unknown}
 e - a scroll of immolation {unknown}
 f - 2 scrolls of amnesia {unknown}
 g - 5 scrolls of identify {unknown}
 h - a scroll of magic mapping {unknown}
 j - 2 scrolls of remove curse {unknown}
 k - a scroll of random uselessness {unknown}
Potions
 d - a potion of flight
 l - a potion of curing
 s - a potion of resistance {unknown}
Comestibles
 b - 4 rations


   Skills:
 + Level 5.1 Fighting
 + Level 6.0 Long Blades
 + Level 4.1 Dodging
 + Level 1.4 Stealth
 + Level 0.5 Shields


You had 6 spell levels left.
You didn't know any spells.
Your spell library was empty.

Dungeon Overview and Level Annotations

Branches:
Dungeon (5/15)
 Temple: D:4-7

Altars:
Dithmenos
Vehumet


Innate Abilities, Weirdness & Mutations

You can breathe waves of freezing cold.
You can buffet flying creatures when you breathe cold.
Your icy white scales are hard. (AC +6)
You cannot fit into any form of body armour.
Your flesh is cold resistant. (rC+)
You are cold-blooded and may be slowed by cold attacks.


Message History

The ogre barely misses you.
You hit the ogre.
The ogre is moderately wounded.
The ogre hits you with a giant spiked club!
Your skin crawls.
You feel resistant to hostile enchantments.
You feel somewhat more hungry. The ogre completely misses you.
The ogre barely misses you.
You slash the ogre! You tail-slap the ogre.
The ogre is almost dead.
The ogre completely misses you.
You closely miss the ogre.
The ogre is almost dead.
The ogre hits you with a giant spiked club!!
* * * LOW HITPOINT WARNING * * *
You are feeling hungry.
You barely miss the ogre.
The ogre is almost dead.
The ogre hits you with a giant spiked club!!
You die...

##.........
#...........
##...........
............
#...........
#.%.........
#...........
#.O........
#..@.......
##.........
##........
##......#
#....## #..##
###


You could see an ogre.

Vanquished Creatures
  The ghost of Findor the Covered, an amateur GnWn of Okawaru (D:3)
  A scorpion (D:4)
  A hound (D:4)
  A jelly (D:5)
  An orc priest (D:4)
  A bullfrog skeleton (D:2)
  An orc wizard (D:4)
  3 hound skeletons
  A howler monkey skeleton (D:5)
  5 adders
  A worm (D:2)
  4 dart slugs
  3 leopard geckos
  7 orcs
  5 giant cockroaches
  8 goblins
  7 hobgoblins
  A quokka (D:2)
  A ball python (D:1)
  4 bats
  A frilled lizard (D:3)
  6 kobolds
  A quokka skeleton (D:4)
  4 rats
69 creatures vanquished.

Notes
Turn   | Place    | Note
-------+----------+-------------------------------------------
     0 | D:1      | KillYourself the Draconian Berserker began the quest for the Orb.
     0 | D:1      | Reached XP level 1. HP: 19/19 MP: 1/1
   110 | D:1      | Reached XP level 2. HP: 12/26 MP: 2/2
   742 | D:2      | Reached XP level 3. HP: 26/33 MP: 3/3
  1114 | D:2      | Reached ** piety under Trog
  1162 | D:2      | Reached XP level 4. HP: 30/40 MP: 4/4
  1169 | D:2      | Reached skill level 4 in Long Blades
  1316 | D:2      | Found a radiant altar of Vehumet.
  1464 | D:2      | Found a shadowy altar of Dithmenos.
  2071 | D:3      | Noticed Findor's ghost (amateur GnWn)
  2325 | D:3      | Reached XP level 5. HP: 47/47 MP: 5/5
  2663 | D:3      | Killed Findor's ghost
  2663 | D:3      | Reached skill level 5 in Long Blades
  2663 | D:3      | Reached XP level 6. HP: 55/55 MP: 6/6
  2706 | D:3      | Reached skill level 1 in Stealth
  3048 | D:4      | Reached skill level 5 in Fighting
  3967 | D:5      | Entered Level 5 of the Dungeon
  3970 | D:5      | Your scales start taking on an icy white colour.
  3970 | D:5      | Reached XP level 7. HP: 55/61 MP: 7/7
  3970 | D:5      | Gained mutation: Your flesh is cold resistant. (rC+) [White Draconian growth]
  3973 | D:5      | Reached skill level 6 in Long Blades
  3983 | D:5      | Slain by an ogre

Vault maps used:
D:1:      onia_arrival_pyramid
D:2:      lemuel_crystal_altar, grunt_dithmenos_smoke_and_mirrors
D:4:      first_ration
D:5:      serial_column_ruins, column_ruins_grid_2, column_ruins_grid_2,
          column_ruins_open_small, column_ruins_columns_straight, serial_shops,
          nicolae_shop_crystal, nicolae_underground_beach, uniq_duvessa

Skill      XL: |  1  2  3  4  5  6  7 |
---------------+----------------------+-----
Dodging        | 3 4 |  4.1
Fighting       | 4 5 |  5.1
Long Blades    | 4 5 6 |  6.0
Stealth        | 1 |  1.4
Shields        | |  0.5

Action                   |  1- 3 |  4- 6 |  7- 9 || total
-------------------------+-------+-------+-------++-------
Melee: Falchion          |    80 |    78 |       ||   158
       Tailslap          |    10 |    25 |     3 ||    38
       Long sword        |       |    47 |       ||    47
       Great sword       |       |     2 |     9 ||    11
Invok: Berserk           |       |     2 |       ||     2
       Trog's Hand       |       |       |     1 ||     1
 Abil: Breathe Frost     |       |       |     1 ||     1
  Use: Potion            |     4 |     2 |       ||     6
 Stab: Sleeping          |       |     1 |       ||     1
  Eat: Chunk             |     1 |     4 |       ||     5
       Ration            |       |     2 |       ||     2
Armor: Skin              |    38 |    34 |     3 ||    75
Dodge: Dodged            |    77 |    72 |    10 ||   159
Block: Shield            |       |    20 |       ||    20
       Rpst.: Falchion   |    19 |    15 |       ||    34
       Long sword        |       |     7 |       ||     7
       Great sword       |       |     2 |     3 ||     5

Table legend:
 A = Spawn XP
 B = Non-spawn XP
 C = Spawn XP percentage of total XP
 D = Spawn monster count
 E = Non-spawn monster count
 F = Spawn count percentage of total count
 G = Total turns spent on level
                    A         B        C        D         E        F      G
               +---------+---------+-------+---------+---------+-------+---------
         Total |       0 |     793 |   0.0 |       0 |      69 |   0.0 |  3983
               +---------+---------+-------+---------+---------+-------+---------
           D:1 |       0 |      32 |   0.0 |       0 |      14 |   0.0 |   726
           D:2 |       0 |     143 |   0.0 |       0 |      22 |   0.0 |  1290
           D:3 |       0 |     320 |   0.0 |       0 |      20 |   0.0 |   973
           D:4 |       0 |     221 |   0.0 |       0 |      10 |   0.0 |   978
           D:5 |       0 |      77 |   0.0 |       0 |       3 |   0.0 |    16
               +---------+---------+-------+---------+---------+-------+---------
